 Dungeon Crawl Stone Soup version 0.18-a0-1140-g8540535 (webtiles) character file.

186 Oddball22 the Ducker (level 5, -2/25 HPs)
             Began as a Spriggan Artificer on Jan 21, 2016.
             Was an Initiate of Pakellas.
             Slain by an elf skeleton (3 damage)
             ... on level 4 of the Dungeon.
             The game lasted 00:10:05 (4302 turns).

Oddball22 the Ducker (Spriggan Artificer)           Turns: 4302, Time: 00:10:05

Health: -2/25      AC:  3    Str:  7    XL:     5   Next: 38%
Magic:  9/9        EV: 20    Int: 13    God:    Pakellas [......]
Gold:   163        SH:  3    Dex: 18    Spells: 0 memorised, 4 levels left

rFire  . . .     SeeInvis +     a - +0 short sword
rCold  . . .     Gourm    .     b - +0 robe
rNeg   . . .     Faith    .     (shield restricted)
rPois  .         Spirit   .     u - +1 hat
rElec  .         Dismiss  .     (no cloak)
rCorr  .         Reflect  +     (gloves unavailable)
SustAt .         Harm     .     (boots unavailable)
MR     .....     Rnd*Tele +     v - +3 amulet of reflection
Stlth  +++.......               (no ring)
                                p - ring of teleportation (curse)

@: drained, very quick, not resistant to hostile enchantments, fairly stealthy
A: unfitting armour, see invisible, herbivore 3, speed 3, slow metabolism 2
a: Renounce Religion


You were on level 4 of the Dungeon.
You worshipped Pakellas.
Pakellas was noncommittal.
You were very hungry.

You visited 2 branches of the dungeon, and saw 5 of its levels.

You collected 163 gold pieces.

Inventory:

Hand Weapons
 a - a +0 short sword (weapon)
 A - a +0 blowgun
Missiles
 j - 16 poisoned needles
Armour
 b - a +0 robe (worn)
 u - a +1 hat (worn)
Jewellery
 o - an uncursed amulet of harm
 p - a cursed ring of teleportation (left hand)
 v - a +3 amulet of reflection (around neck)
Wands
 c - a wand of flame (10/48)
 d - a wand of enslavement (15/24)
 e - a wand of random effects (10/48)
Scrolls
 g - 4 scrolls of identify
 i - 3 scrolls of noise {unknown}
 k - a scroll of blinking {unknown}
 l - 2 scrolls of amnesia {unknown}
 n - a scroll of enchant armour {unknown}
 q - 2 scrolls of teleportation
 r - a scroll of fog {unknown}
 y - a scroll of magic mapping {unknown}
Potions
 m - a potion of cure mutation {unknown}
 s - 3 potions of might {unknown}
 t - a potion of heal wounds {unknown}
 w - 2 potions of lignification {unknown}
 x - a potion of poison {unknown}
 B - a potion of cancellation {unknown}
 C - a potion of brilliance {unknown}
Comestibles
 f - 2 bread rations
 h - 2 royal jellies


   Skills:
 - Level 0.7(0.1) Fighting
 + Level 3.5(2.9) Short Blades
 + Level 5.3(4.6) Dodging
 * Level 4.6(4.0) Stealth
 + Level 4.0(3.3) Evocations


You had 4 spell levels left.
You didn't know any spells.

Dungeon Overview and Level Annotations

Branches:
Dungeon (4/15)             Temple (1/1) D:4

Altars:
Ashenzari
Cheibriados
Dithmenos
Fedhas
Gozag
Kikubaaqudgha
Makhleb
Okawaru
Pakellas
Qazlal
Trog
Vehumet
Xom
Yredelemnul


Innate Abilities, Weirdness & Mutations

You are tiny and cannot use many weapons and most armour.
You have supernaturally acute eyesight.
You are a herbivore.
You cover ground extremely quickly.
You need consume almost no food.


Message History

You barely miss the elf skeleton. The elf skeleton barely misses you.
You barely miss the elf skeleton. You block the elf skeleton's attack.
You hit the elf skeleton. The elf skeleton completely misses you.
You barely miss the elf skeleton. You hit the elf skeleton.
The elf skeleton hits you but does no damage.
You hit the elf skeleton. The elf skeleton closely misses you.
You hit the elf skeleton. You block the elf skeleton's attack.
You hit the elf skeleton. The elf skeleton completely misses you.
You hit the elf skeleton but do no damage.
You hit the elf skeleton. The elf skeleton barely misses you.
You hit the elf skeleton. The elf skeleton misses you.
You hit the elf skeleton. The elf skeleton hits you!
You closely miss the elf skeleton. The elf skeleton hits you.
* * * LOW HITPOINT WARNING * * *
You hit the elf skeleton. You hit the elf skeleton. The elf skeleton hits you.
* * * LOW HITPOINT WARNING * * *
You barely miss the elf skeleton. The elf skeleton hits you.
You die...

...... .... . ######
#..#.+ ####.##Z#
#.....#@# #.###.#'#
#..##...# #._######
##.# #.# #.# .##
#.#########..## ##
#..##......#...###..


You could see an elf skeleton.

Vanquished Creatures
  Natasha (twice) (D:2)
  6 adders
  An ooze (D:2)
  2 giant geckos
  10 orcs (D:3)
  5 ball pythons
  2 giant cockroaches
  6 goblins
  11 hobgoblins
  4 kobolds
  2 quokkas
  5 bats
  4 giant newts (D:3)
  5 rats
65 creatures vanquished.

Notes
Turn   | Place    | Note
--------------------------------------------------------------
     0 | D:1      | Oddball22 the Spriggan Artificer began the quest for the Orb.
     0 | D:1      | Reached XP level 1. HP: 9/9 MP: 4/4
   559 | D:1      | Reached XP level 2. HP: 14/14 MP: 6/6
  1051 | D:2      | Noticed Natasha
  1284 | D:2      | Reached XP level 3. HP: 17/17 MP: 7/7
  1429 | D:2      | Found a basalt altar of Yredelemnul.
  1508 | D:2      | Killed Natasha
  1520 | D:2      | Found a shattered altar of Ashenzari.
  1731 | D:3      | Reached XP level 4. HP: 21/21 MP: 8/8
  2538 | D:3      | Found an iron altar of Okawaru.
  2541 | D:3      | Found a stormy altar of Qazlal.
  2544 | D:3      | Found an opulent altar of Gozag.
  2698 | D:2      | Noticed Natasha
  2706 | D:2      | Killed Natasha
  2706 | D:2      | Reached skill level 5 in Dodging
  2778 | D:2      | Reached XP level 5. HP: 22/25 MP: 9/9
  3664 | D:4      | Noticed an ogre
  3911 | D:4      | Found a staircase to the Ecumenical Temple.
  3916 | Temple   | Entered the Ecumenical Temple
  4176 | Temple   | Became a worshipper of Pakellas the Inventive
  4252 | D:4      | Found a shimmering altar of Xom.
  4301 | D:4      | HP: 1/25 [elf skeleton (5)]
  4302 | D:4      | Slain by an elf skeleton

Vault maps used:
D:1:      sevenhm_arrival_forest_fort_small_6
D:2:      evilmike_ruin_ashenzari, old_standard_altar, uniq_natasha
D:3:      grunt_temple_overflow_diamond
D:4:      overflow_temple_1_default, nicolae_ru_great_annihilating_truth,
          temple_statues, gup_sewer_entry_glass,
          nicolae_ossuary_entry_catacombs, first_bread
Temple:   temple_eino_lava_8

Action                   |  1- 3 |  4- 6 || total
-------------------------+-------+-------++-------
Melee: Short sword       |    76 |   193 ||   269
Evoke: Wand              |     4 |     6 ||    10
  Use: Scroll            |     1 |       ||     1
       Potion            |       |     1 ||     1
 Stab: Sleeping          |     5 |     1 ||     6
       Distracted        |       |     1 ||     1
